Unix NetHack Version 3.7.0-88 Work-in-progress - last build Aug 6 2023 13:40:22 (5c9c4c7fffe0d5f0a8b1342c2a36a56ed743986a,branch:master). Game began 2023-08-09 16:24:43, ended 2023-08-09 16:41:16. Arasaka, neutral female gnomish Archeologist ---- |..| |..-- --- |...------ ------------ -..-- ---- |.|......------- |..........| -....-- ---..-- |.|-----...--..| |...-----..| |.......| --.....----- ------- |.| --......-- |....-- ---- |.....-.--- ---..---.....-- |..--.---|.| --......-- |.....---- |......^...| --.....-----...---........|.| --).....| --.......-- ---## ---.--------.......--..B..e............| |..>..-- -----....-- |......................@f............| ----....-- -....| --....----..............rr.[.... ..| --......-- ----....| -.......|.........|.|..0......... -.| --...^...| -----.|....-- |............--..------.........- -..| |.......[-- |.........-- |............|---- --....^...--- |.-- |..--.....| |........0| -.....).....- --G. .......| |.| ----|....-----.........| .....|^...^-- |... ....|.| |.| --.................-- ..<---.....| --.......-|.---|.| |.......------..|..| --- ---..-- |....... |....|.| ----....| ------- --- ----.-- ---....| --.--- ------ --- Arasaka the Field Worker St:10 Dx:9 Co:15 In:17 Wi:15 Ch:9 Neutral Dlvl:5 $:78 HP:0(33) Pw:10(10) AC:7 Xp:4/150 T:2394 Latest messages: What do you want to put on? [u or ?*] Which ring-finger, Right or Left? [rl] u - an uncursed ring called conflict (on left hand). The gnome lord wields a bow! Behemoth bites! The gnome lord shoots an arrow! The arrow hits the floating eye. The gnome lord swings his bow at the floating eye. The gnome lord misses the floating eye. The gnome lord is frozen by the floating eye's gaze! You hear some noises. You hear some noises in the distance. You hear crashing rock. You lash the floating eye. You are frozen by the floating eye's gaze! Behemoth bites the floating eye. Behemoth is frozen by the floating eye's gaze! You hear crashing rock. Behemoth misses the floating eye. You hear crashing rock. Behemoth bites the floating eye. The floating eye is killed! Behemoth eats a floating eye corpse. Behemoth misses the floating eye. Behemoth is frozen by the floating eye's gaze! The giant rat misses the giant rat. The giant rat bites! The giant rat bites! The giant rat bites! The giant rat bites! The giant rat misses Behemoth. The giant rat bites! The giant rat bites! The giant rat misses Behemoth. The giant rat bites! The giant bat bites! The giant rat misses Behemoth. The giant rat bites! The giant bat bites! The giant rat misses the giant rat. The giant rat bites! The giant bat bites! The giant rat bites! The giant rat bites the giant rat. The giant rat misses the giant rat. The giant rat bites the giant rat. The giant bat misses Behemoth. The giant rat bites! The giant rat bites! You die... Inventory: Coins ('$') $ - 78 gold pieces Weapons (')') a - an uncursed +2 bullwhip (weapon in hand) w - an uncursed +0 scimitar Armor ('[') c - an uncursed +0 fedora (being worn) s - an uncursed +0 pair of iron shoes (being worn) b - an uncursed +0 leather jacket (being worn) Comestibles ('%') d - 3 uncursed food rations k - 3 uncursed tripe rations Scrolls ('?') v - an uncursed scroll of enchant weapon x - a cursed scroll of identify Spellbooks ('+') m - an uncursed spellbook of remove curse Rings ('=') u - an uncursed ring of conflict (on left hand) Wands ('/') l - an uncursed wand of sleep (0:2) Tools ('(') z - an empty uncursed sack q - an uncursed +0 pick-axe e - an uncursed skeleton key f - an uncursed tinning kit (0:53) Gems/Stones ('*') A - an uncursed worthless piece of blue glass n - an uncursed worthless piece of green glass o - 2 uncursed worthless pieces of red glass r - 2 uncursed worthless pieces of yellow glass p - an uncursed worthless piece of yellowish brown glass g - an uncursed touchstone Arasaka the Archeologist's attributes: Background: You were a Field Worker, a level 4 female gnomish Archeologist. You were neutral, on a mission for Camaxtli who was opposed by Quetzalcoatl (lawful) and Huhetotl (chaotic). You were in the Gnomish Mines, on level 5. You entered the dungeon 2394 turns ago. You had 150 experience points, 10 more were needed to attain level 5. Basics: You had 0 out of 33 hit points. You had all 10 energy points (spell power). Your armor class was 7. Your wallet contained 78 zorkmids. Autopickup was on for '$"?' plus thrown, with exceptions. Final Characteristics: Your strength was 10 (limit:18/50). Your dexterity was 9 (limit:18). Your constitution was 15 (limit:18). Your intelligence was 17 (limit:19). Your wisdom was 15 (limit:18). Your charisma was 9 (limit:18). Final Status: You were not hungry. You were unencumbered. You were wielding a whip. You had basic skill with whip. Final Attributes: You were piously aligned. You had automatic searching. You had infravision. You caused conflict. You are dead. Miscellaneous: You disabled loading of bones levels. Total elapsed playing time was 16 minutes and 32 seconds. Major events: Turn 1: Arasaka the neutral female gnomish Archeologist entered the dungeon 531: entered the Gnomish Mines 1185: attained the rank of Field Worker (level 3) 1244: reached Mine Town 2394: killed by a giant rat, while frozen by a floating eye's gaze Vanquished creatures: a gnome leader a giant ant a floating eye 4 dwarves a homunculus a kobold leader 4 hill orcs a giant bat 3 orc zombies 2 dwarf zombies 2 iguanas 2 killer bees a coyote a hobbit 4 manes a large kobold a hobgoblin 2 giant rats a brown mold 8 gnomes a gnome zombie 5 jackals 2 foxes a kobold 2 goblins a sewer rat 5 grid bugs 3 lichens a kobold zombie a newt 64 creatures vanquished. No species were genocided or became extinct. Voluntary challenges: You read items or engraved 6 times. You engraved Elbereth 3 times. You never genocided any monsters. You never polymorphed an object. You never changed form. You used no wishes. Achievements: You entered the Gnomish Mines. You attained the rank of Field Worker. You entered Minetown. You entered a shop. You entered a temple. The Dungeons of Doom: levels 1 to 4 Level 1: Level 2: Level 3: Stairs down to The Gnomish Mines. Level 4: The Gnomish Mines: levels 4 to 6 Level 4: Level 5: <- You were here. Final resting place for you, killed by a giant rat, while frozen by a floating eye's gaze. Level 6: Some shops, a temple to Camaxtli, a fountain. Game over: ---------- / \ / REST \ / IN \ / PEACE \ / \ | Arasaka | | 78 Au | | killed by a | | giant rat | | | | | | 2023 | *| * * * | * _________)/\\_//(\/(/\)/\//\/|_)_______ Goodbye Arasaka the Archeologist... You died in The Gnomish Mines on dungeon level 5 with 931 points, and 78 pieces of gold, after 2394 moves. You were level 4 with a maximum of 33 hit points when you died.